 Dungeon Crawl Stone Soup version 0.28.0-45-g0d030f2227 (webtiles) character file.

Game seed: 5263785562607537156

2 psko the Sneak (level 1, 0/9 HPs)
             Began as a Spriggan Conjurer on Apr 24, 2022.
             Succumbed to an adder's poison
             ... on level 2 of the Dungeon.
             The game lasted 00:00:43 (77 turns).

psko the Sneak (Spriggan Conjurer)                    Turns: 77, Time: 00:00:44

Health: 0/9        AC:  2    Str:  3    XL:     1   Next: 33%
Magic:  3/5        EV: 17    Int: 19    God:
Gold:   0          SH:  0    Dex: 13    Spells: 4/5 levels left

rFire   . . .      SeeInvis +   (weapon restricted)
rCold   . . .      Faith    .   (no shield)
rNeg    . . .      Spirit   .   a - +0 robe
rPois   .          Reflect  .   (helmet restricted)
rElec   .          Harm     .   (no cloak)
rCorr   .          Rampage  .   (gloves unavailable)
Will    .....                   (boots unavailable)
Stlth   ++........              (no amulet)
HPRegen 0.03/turn               (no ring)
MPRegen 0.09/turn               (no ring)

@: lethally poisoned (0 -> -8), very quick
A: very small, no large weapons, unfitting armour, see invisible, speed 3
a: no special abilities


You were on level 2 of the Dungeon.
You visited 1 branch of the dungeon, and saw 2 of its levels.

Inventory:

Armour
 a - a +0 robe (worn)


   Skills:
 + Level 2.7 Dodging
 + Level 3.0 Stealth
 + Level 2.7 Spellcasting
 + Level 3.0 Conjurations


You had 4 spell levels left.
You knew the following spells:

 Your Spells              Type           Power      Damage    Failure   Level
a - Magic Dart            Conj           56%        1d5       4%          1

Your spell library contained the following spells:

 Spells                   Type           Power      Damage    Failure   Level
 Searing Ray              Conj           28%        2d5       7%          2
 Dazzling Flash           Conj/Hex       16%        N/A       26%         3
 Fulminant Prism          Conj/Hex       4%         3d6       63%         4
 Iskenderun's Mystic Bla  Conj/Tloc      8%         2d4       63%         4


Dungeon Overview and Level Annotations

Branches:
Dungeon (2/15)

Altars:

Shops:
D:2 (


Innate Abilities, Weirdness & Mutations

You are very small and have problems with some larger weapons.
You are too small for most types of armour.
You have supernaturally acute eyesight. (SInv)
You cover ground extremely quickly. (Speed+++)


Message History

You hit the giant cockroach but do no damage.
The giant cockroach is almost dead.
The giant cockroach barely misses you.
You barely miss the giant cockroach.
The giant cockroach is almost dead.
An adder comes into view.
The giant cockroach closely misses you.
The giant cockroach waves its antennae.
The giant cockroach closely misses you.
You hit the giant cockroach.
You kill the giant cockroach!
A kobold comes into view. It is wielding a +0 dagger.
The kobold shouts!
The kobold throws a stone.
The stone closely misses you. The adder barely misses you.
You closely miss the adder. The adder misses you.
You closely miss the adder. The adder closely misses you.
The kobold throws a stone.
The stone hits you. The adder misses you.
You closely miss the adder. The adder completely misses you.
You miss the adder. The adder completely misses you.
The kobold throws a stone.
The stone misses you.
The stone misses the adder.
You closely miss the adder. The adder closely misses you.
The kobold throws a stone.
The stone closely misses you.
The stone hits the adder.
You hit the adder but do no damage.
The adder is lightly wounded.
The adder bites you.
You are lethally poisoned!
The adder poisons you!
The kobold throws a stone.
The stone hits you but does no damage. The adder misses you.
You hit the adder.
The adder is lightly wounded.
You feel sick. The adder bites you.
* * * LOW HITPOINT WARNING * * *
You are more poisoned.
The adder poisons you!
The kobold throws a stone.
The stone barely misses you.
The stone misses the adder.
You hit the adder but do no damage.
The adder is lightly wounded.
You die...

..# ##..#
# ....#
#.#K..#
#.#.#...#
#.......#
#####.###
#.#
####@#
#⌠.⌠S#
#..∩.##
#.⌠.⌠
#.##. #.
.. # #.
.. ##


You could see an adder and a kobold.

Vanquished Creatures
  A giant cockroach (D:2)
  A jackal (D:1)
2 creatures vanquished.

Notes
Turn   | Place    | Note
-------+----------+-------------------------------------------
     0 | D:1      | psko the Spriggan Conjurer began the quest for the Orb.
     0 | D:1      | Reached XP level 1. HP: 9/9 MP: 5/5
    46 | D:2      | Found Hacvixug's Antique Weapon Shoppe.
    77 | D:2      | Succumbed to an adder's poison

Illustrated notes

Levels and vault maps discovered:
D:1:      wander_arrival_peaceful_grave, layout_rooms,
          chequers_ecumenical_altar_island
D:2:      layout_loops_cross, serial_shops, shop, shop_fountains,
          kennysheep_boxes, uniq_natasha

Skill      XL: |  1 |
---------------+----+-----
Conjurations   | 3 |  3.0
Dodging        | |  2.7
Stealth        | |  3.0
Spellcasting   | |  2.7

Action                   || total
-------------------------++-------
Melee: Unarmed           ||    23
 Cast: Magic Dart        ||     7
Armor: Robe              ||     3
Dodge: Dodged            ||    29
